 Dungeon Crawl Stone Soup version 0.28-a0-883-gc8d7bad45d (webtiles) character file.

Game seed: 15208557485994413731

1719 orbtoucher the Reanimator (level 8, -1/54 (62) HPs)
             Began as a Demonspawn Necromancer on Nov 21, 2021.
             Was an Initiate of Nemelex Xobeh.
             Slain by Maggie (15 damage)
             ... on level 6 of the Dungeon on Nov 22, 2021.
             The game lasted 00:31:48 (8471 turns).

orbtoucher the Reanimator (Demonspawn Necromancer)  Turns: 8471, Time: 00:31:49

HP:   -1/54 (62)    AC:  9    Str:  8    XL:     8   Next: 75%
MP:   0/15          EV: 10    Int: 19    God:    Nemelex Xobeh [......]
Gold: 319           SH:  0    Dex: 14    Spells: 4/17 levels left

rFire   . . .      SeeInvis .   a - +0 spear
rCold   . . .      Faith    .   (no shield)
rNeg    . . .      Spirit   +   f - +0 ring mail
rPois   .          Reflect  .   (no helmet)
rElec   .          Harm     .   (no cloak)
rCorr   .          Rampage  .   (no gloves)
Will    .....                   r - +1 pair of boots
Stlth   +.........              h - amulet of magic regeneration
HPRegen 0.18/turn               (no ring)
MPRegen 0.53/turn               (no ring)

@: mesmerised, heavily drained
A: hooves 1, magic shield, magic regeneration, sharp scales 2
a: Renounce Religion, Draw Escape, Draw Destruction, Draw Summoning


You were on level 6 of the Dungeon.
You worshipped Nemelex Xobeh.
Nemelex Xobeh was noncommittal.
You visited 2 branches of the dungeon, and saw 7 of its levels.

You collected 319 gold pieces.

Inventory:

Hand Weapons
 a - a +0 spear (weapon)
 b - a +0 hand crossbow
 w - a +0 dagger
Missiles
 c - 72 poisoned darts (quivered)
 d - 178 stones
 o - 16 sling bullets
 p - 64 bolts
 u - 5 throwing nets
 F - 5 boomerangs
Armour
 f - a +0 ring mail (worn)
 r - a +1 pair of boots (worn)
Magical Staves
 g - a staff of poison
Jewellery
 h - an amulet of magic regeneration (around neck)
Wands
 x - a wand of digging (4)
 C - a wand of acid (2)
Scrolls
 e - a scroll of enchant weapon {unknown}
 i - 2 scrolls of brand weapon {unknown}
 j - a scroll of fear {unknown}
 k - 2 scrolls of identify
 l - 2 scrolls of teleportation {unknown}
 m - a scroll of enchant armour
 n - a scroll of amnesia {unknown}
 q - a scroll of fog {unknown}
 y - a scroll of silence {unknown}
 D - a scroll of vulnerability {unknown}
Potions
 s - 4 potions of curing
 t - a potion of ambrosia {unknown}
 v - a potion of heal wounds {unknown}
 z - a potion of cancellation {unknown}
 A - a potion of invisibility {unknown}
 B - a potion of resistance {unknown}
 E - a potion of brilliance {unknown}


   Skills:
 + Level 5.0 Fighting
 - Level 2.1 Polearms
 - Level 2.0 Dodging
 - Level 2.0 Stealth
 + Level 5.2 Spellcasting
 * Level 9.4 Necromancy
 + Level 2.1 Invocations


You had 4 spell levels left.
You knew the following spells:

 Your Spells              Type           Power      Damage    Failure   Level
a - Pain                  Necr           100%       1d9       1%          1
d - Vampiric Draining     Necr           40%        2d8       2%          3
k - Animate Skeleton      Necr           80%        N/A       1%          1
p - Animate Dead          Necr           20%        N/A       8%          4
t - Dispel Undead         Necr           40%        3d16      8%          4

Your spell library contained the following spells:

 Spells                   Type           Power      Damage    Failure   Level
 Sandblast                Erth           8%         2d5       36%         1
 Sting                    Tmut/Pois      16%        1d3       36%         1
 Passwall                 Tmut/Erth      3%         N/A       50%         2
 Static Discharge         Conj/Air       4%         N/A       50%         2
 Mephitic Cloud           Conj/Pois/Air  4%         N/A       75%         3
 Stone Arrow              Conj/Erth      8%         3d7       75%         3
 Olgreb's Toxic Radiance  Pois           4%         N/A       98%         4
 Sticky Flame             Conj/Fire      4%         2d3       98%         4
 Agony                    Necr           40%        N/A       22%         5
 Dispersal                Tloc           2%         N/A       100%        6
 Disjunction              Tloc           2%         N/A       100%        8
 Shatter                  Erth           2%         3d6*      100%        9


Dungeon Overview and Level Annotations

Branches:
Dungeon (6/15)             Temple (1/1) D:4

Altars:
Ashenzari
Cheibriados
Dithmenos
Fedhas
Gozag
Hepliaklqana
Kikubaaqudgha
Nemelex Xobeh
Okawaru
Qazlal
Ru
Sif Muna
Trog
Uskayaw
Vehumet
Wu Jian
The Shining One

Shops:
D:1 !   D:5 *

Annotations:
D:6 Maggie


Innate Abilities, Weirdness & Mutations

You have large cloven feet.
When hurt, damage is shared between your health and your magic reserves.
You regenerate magic rapidly.
You are mostly covered in razor-sharp scales. (AC +2, Slay +2)


Message History

Maggie is severely wounded.
Maggie closely misses you.
Unknown command.
Casting: Pain (safe; 1% risk of failure)
Confirm with . or Enter, or press ? or * to list all spells.
Aiming: Pain (safe; 1% risk of failure)
Press: ? - help, Shift-Dir - straight line, f/p - Maggie
Aim: Maggie, wielding a +2 broad axe of draining and wearing +0 acid dragon scales (severely wounded, mesmerising, chance to affect: 84%) Maggie writhes in agony!
You break out of your daze.
Maggie barely misses you.
You hit Maggie but do no damage.
Maggie is almost dead.
Maggie gestures at you while chanting. The bolt of fire hits you.
You barely miss Maggie.
Maggie is almost dead.
Maggie hits you with a +2 broad axe of draining!
You feel drained.
* * * LOW HITPOINT WARNING * * *
Unknown command.
Casting: Pain (safe; 1% risk of failure)
Confirm with . or Enter, or press ? or * to list all spells.
Aiming: Pain (safe; 1% risk of failure)
Press: ? - help, Shift-Dir - straight line, f/p - Maggie
Aim: Maggie, wielding a +2 broad axe of draining and wearing +0 acid dragon scales (severely wounded, chance to affect: 84%) Maggie barely resists.
Maggie casts a spell.
Maggie attempts to bespell you!
You are mesmerised by Maggie!
Casting: Pain (safe; 1% risk of failure)
Confirm with . or Enter, or press ? or * to list all spells.
Aiming: Pain (safe; 1% risk of failure)
Press: ? - help, Shift-Dir - straight line, f/p - Maggie
Aim: Maggie, wielding a +2 broad axe of draining and wearing +0 acid dragon scales (severely wounded, mesmerising, chance to affect: 84%) Maggie writhes in agony!
Maggie says, "If you die in the Dungeon, but nobody's around to see it, does it really matter?"
Maggie hits you with a +2 broad axe of draining!
You die...
Your body disappears without a glow.

## ####8 ######## #.'..
#......# ##.##8 #......#
#..### #......# #.....
#......# #.....
#......##### #.....
#....@@..>.#######.....
#######................
########.........
####...... #########
##.#.... #.......#
#....... #.......#
#.......
#.......###########.......
#.........................


You could see Maggie (mesmerising).

Vanquished Creatures
  A yak (D:5)
  A water moccasin (D:5)
  An ice beast (D:6)
  A sky beast (D:6)
  3 ogres
  3 scorpions
  3 hounds
  A jelly (D:5)
  A bullfrog skeleton (D:5)
  3 gnoll shamans
  2 centaur skeletons (D:6)
  Jessica (D:2)
  3 iguanas
  5 orc wizards
  A howler monkey zombie (D:5)
  18 gnolls
  7 adders
  A worm (D:2)
  3 dart slugs
  8 orcs
  5 ball pythons
  4 bats
  2 endoplasms
  8 giant cockroaches
  4 goblins
  7 hobgoblins
  2 jackals (D:2)
  7 quokkas
  2 frilled lizards
  7 kobolds
  5 rats
120 creatures vanquished.

Vanquished Creatures (collateral kills)
  A worm (D:4)
1 creature vanquished.

Vanquished Creatures (others)
  25 plants (D:3)
25 creatures vanquished.

Grand Total: 146 creatures vanquished

Notes
Turn   | Place    | Note
-------+----------+-------------------------------------------
     0 | D:1      | orbtoucher the Demonspawn Necromancer began the quest for
                  | the Orb.
     0 | D:1      | Reached XP level 1. HP: 13/13 MP: 3/3
    17 | D:1      | Got the Almanac of Vitriolic Earth
    32 | D:1      | Learned a level 1 spell: Animate Skeleton
   374 | D:1      | Found Uramuju's Distillery.
   424 | D:1      | Gained mutation: You regenerate magic rapidly. [demonic
                  | ancestry]
   424 | D:1      | Reached XP level 2. HP: 16/20 MP: 0/5
   575 | D:1      | Found a faded altar of an unknown god.
  1569 | D:2      | Found a hazy altar of Hepliaklqana.
  1638 | D:2      | Reached XP level 3. HP: 23/25 MP: 4/6
  1642 | D:2      | Reached skill level 1 in Fighting
  1671 | D:2      | Reached skill level 5 in Necromancy
  2011 | D:2      | Noticed Jessica
  2023 | D:2      | Killed Jessica
  2024 | D:2      | Reached XP level 4. HP: 27/32 MP: 2/7
  2822 | D:3      | Learned a level 3 spell: Vampiric Draining
  2940 | D:3      | Gained mutation: You are partially covered in razor-sharp
                  | scales. (AC +1, Slay +1) [demonic ancestry]
  2940 | D:3      | Reached XP level 5. HP: 32/38 MP: 5/9
  3200 | D:3      | Found a shadowy altar of Dithmenos.
  3448 | D:3      | Reached skill level 6 in Necromancy
  3835 | D:4      | Noticed an ogre
  3859 | D:4      | Killed an ogre
  3860 | D:4      | Gained mutation: You are mostly covered in razor-sharp
                  | scales. (AC +2, Slay +2) [demonic ancestry]
  3860 | D:4      | Reached XP level 6. HP: 15/46 MP: 3/10
  4233 | D:4      | Found a radiant altar of Vehumet.
  4564 | D:4      | Reached skill level 1 in Polearms
  4611 | D:4      | Learned a level 4 spell: Animate Dead
  4717 | D:4      | Found a staircase to the Ecumenical Temple.
  4725 | D:4      | Reached skill level 7 in Necromancy
  4739 | Temple   | Entered the Ecumenical Temple
  4980 | D:4      | Gained mutation: When hurt, damage is shared between your
                  | health and your magic reserves. [demonic ancestry]
  4980 | D:4      | Reached XP level 7. HP: 48/52 MP: 8/12
  5180 | D:5      | Entered Level 5 of the Dungeon
  5409 | D:5      | Learned a level 4 spell: Dispel Undead
  5428 | D:5      | Found Mexipax's Mass Market.
  6211 | D:5      | Reached skill level 8 in Necromancy
  6604 | D:5      | Gained mutation: You have large cloven feet. [demonic
                  | ancestry]
  6604 | D:5      | Reached XP level 8. HP: 41/60 MP: 10/14
  6939 | D:5      | Found a broken altar of Ashenzari.
  6943 | D:5      | Saw a vision of the Shoals and the Snake Pit.
  6943 | D:5      | Noticed a merfolk
  6943 | D:5      | Noticed a merfolk siren
  6943 | D:5      | Noticed a naga mage
  6943 | D:5      | Noticed a black mamba
  6943 | D:5      | Noticed a black mamba
  6943 | D:5      | Noticed a salamander
  6943 | D:5      | Noticed an anaconda
  6943 | D:5      | Noticed a black mamba
  6943 | D:5      | Noticed a salamander
  6943 | D:5      | Noticed a naga ritualist
  6943 | D:5      | Noticed a naga mage
  6943 | D:5      | Noticed a salamander
  6944 | D:5      | Noticed an anaconda
  6945 | D:5      | Noticed a wind drake
  7701 | D:5      | Found a sparkling altar of Nemelex Xobeh.
  7706 | D:5      | Became a worshipper of Nemelex Xobeh the Trickster
  7773 | D:6      | Reached skill level 9 in Necromancy
  7915 | D:6      | Reached skill level 5 in Spellcasting
  7940 | D:6      | Reached skill level 1 in Invocations
  8142 | D:6      | Reached skill level 5 in Fighting
  8388 | D:6      | Found an ancient bone altar of Kikubaaqudgha.
  8452 | D:6      | Noticed Maggie
  8471 | D:6      | Slain by Maggie

Illustrated notes

Levels and vault maps discovered:
D:1:      roderic_crossed_star, layout_loops_cross,
          shapermc_ecumenical_altar_notcrosses, serial_shops,
          nicolae_shop_waterfront
D:2:      layout_loops_ring, basic_altar, kennysheep_jessica_study
D:3:      layout_basic, mainiacjoe_overflow_catwalk, serial_bayou,
          serial_bayou_lagoon_a, serial_bayou_pond_d, serial_bayou_shore_b,
          serial_bayou_shore_a, serial_bayou_crossing, grunt_decor_fettered,
          minmay_misc_feat_tiny
D:4:      layout_basic, nicolae_vehumet_altar_sigil,
          minmay_temple_entry_sparse_star
D:5:      layout_loops_ring, grunt_ashenzari_visionary
          [grunt_ashenzari_visionary_shoals, grunt_ashenzari_visionary_snake],
          marbit_many_paths, minmay_shop_mass
D:6:      layout_rooms, kennysheep_mini, dk_noncrumbling_2, hex_intersection,
          sigmund_edmund_badplayer, uniq_maggie
Temple:   minmay_temple_bridge_abc

Skill      XL: |  1  2  3  4  5  6  7  8 |
---------------+-------------------------+-----
Dodging        | 2 |  2.0
Stealth        | 2 |  2.0
Fighting       | 1 2 3 4 5 |  5.0
Necromancy     | 5 6 7 8 9 |  9.4
Spellcasting   | 3 4 5 |  5.2
Polearms       | 1 2 |  2.1
Invocations    | 2 |  2.1

Action                   |  1- 3 |  4- 6 |  7- 9 || total
-------------------------+-------+-------+-------++-------
Melee: Unarmed           |     3 |       |       ||     3
       Dagger            |       |     1 |       ||     1
       Spear             |       |     1 |    48 ||    49
Throw: Dart              |       |       |     9 ||     9
 Cast: Pain              |    68 |   118 |   154 ||   340
       Animate Skeleton  |     2 |    17 |     7 ||    26
       Vampiric Draining |       |     1 |     4 ||     5
       Animate Dead      |       |       |     3 ||     3
       Dispel Undead     |       |       |     2 ||     2
Evoke: Wand              |       |       |     3 ||     3
  Use: Potion            |     2 |     1 |       ||     3
       Scroll            |       |     3 |       ||     3
Armor: Ring mail         |     8 |    14 |    50 ||    72
       Skin              |     1 |       |       ||     1
Dodge: Dodged            |    11 |    34 |    62 ||   107

Table legend: (Time is in decaauts)
 A = Elapsed time spent in this place.
 B = Non-inter-level travel time spent in this place.
 C = Inter-level travel time spent in this place.
 D = Time resting spent in this place.
 E = Time spent auto-exploring this place.
 F = Levels seen in this place.
 G = Mean time per level.
                   A        B        C        D        E       F      G
               +--------+--------+--------+--------+--------+-----+--------+
         Total |   8506 |   8302 |    204 |   3528 |   3484 |   7 | 1215.1 |
       Dungeon |   8293 |   8089 |    204 |   3512 |   3317 |   6 | 1382.2 |
        Temple |    212 |    212 |      0 |     16 |    167 |   1 |  212.0 |
               +--------+--------+--------+--------+--------+-----+--------+

Top non-repeatable levels by time:
     D:5: 2319 daAuts
     D:3: 1466 daAuts
     D:1: 1253 daAuts
     D:2: 1147 daAuts
     D:4: 1131 daAuts
     D:6: 974 daAuts
  Temple: 212 daAuts
